AoeStats
← Saloon_F_F

Northern Isles

510768841Analyzed
1v1 RM · 16h ago on Oct 2, 2026· 27m 6s· 2 players
Game mode
Random Map
Map size
Tiny (2 player)
Population
200
Speed
Normal
Resources
Standard
Victory
Conquest
Starting age
Dark Age
Ending age
Imperial Age
RankedLock teamsTeams togetherTeam positionsShared explorationLock speedFull tech treeHidden civsTurbo modeCheats
Victory
Defeat
🇩🇪 Wei · Germany
1704
+15
🇳🇱 Hindustanis · Netherlands
1672
-15
Saloon_F_F
7:33 Loom
9:40 Feudal Age
10:54 Double-Bit Axe
13:25 Forging
18:00 Castle Age
16:42 Gold Mining
18:32 Fletching
18:57 Medium Warships
19:00 Fletching
21:26 Bodkin Arrow
24:21 Horse Collar
ThisDino
6:50 Loom
9:45 Feudal Age
10:13 Double-Bit Axe
19:55 Castle Age
18:49 Forging
20:50 Medium Warships
21:50 Iron Casting
Connection lost

Rejoining the realm…

Still unreachable

The connection could not be restored.

Session expired

The server has moved on; the page needs a fresh start.